 Dungeon Crawl Stone Soup version 0.29-a0-88-g03a7b78be7 (webtiles) character file.

Game seed: 10554076510630141507

52033 enile the Fighter (level 15, -7/117 HPs)
             Began as a Djinni Ice Elementalist on Feb 5, 2022.
             Was the Champion of Nemelex Xobeh.
             Mangled by a polar bear (20 damage)
             ... on level 5 of the Lair of Beasts.
             The game lasted 00:58:58 (24431 turns).

enile the Fighter (Djinni Ice Elementalist)        Turns: 24431, Time: 00:58:58

Health: -7/117     AC: 10    Str:  7    XL:     15   Next: 4%
Gold:   524        EV: 16    Int: 32    God:    Nemelex Xobeh [******] SH:  0 Dex: 15

rFire   + + .      SeeInvis .   F - +6 spear of the Peculiar Beasts {vorpal, rN+}
rCold   x . .      Faith    .   f - orb {light}
rNeg    + + .      Spirit   .   H - +2 robe {rN+}
rPois   ∞          Reflect  .   U - +2 hat {Int+3}
rElec   .          Harm     .   (no cloak)
rCorr   .          Rampage  .   (no gloves)
Will    +....                   (boots unavailable)
Stlth   +.........              d - amulet of the acrobat
HPRegen 0.29/turn               Y - +6 ring of intelligence
MPRegen 0.00/turn               u - +4 ring of protection

@: death channelling, flying, glowing
A: sickness immunity, fire resistance 2, cold vulnerability 1, float, innate
caster, HP casting, extra vitality 1
a: Renounce Religion, Draw Escape, Draw Destruction, Draw Summoning, Triple
Draw, Deal Four, Stack Five


You were on level 5 of the Lair of Beasts.
You worshipped Nemelex Xobeh.
Nemelex Xobeh was exalted by your worship.
You visited 2 branches of the dungeon, and saw 17 of its levels.
You also visited: Sewer and Bailey.

You collected 908 gold pieces.
You spent 384 gold pieces at shops.

Inventory:

Hand Weapons
 o - a +2 halberd of electrocution
 E - a +5 mace of holy wrath
 F - the +6 spear of the Peculiar Beasts (weapon) {vorpal, rN+}
   (You found it on level 4 of the Dungeon)

   It inflicts extra damage upon your enemies.
   rN:        It protects you from negative energy.
 O - a +2 vorpal long sword
 Q - a +1 war axe of electrocution
 T - a +2 scimitar of flaming
Missiles
 h - 9 atropa-tipped darts
 t - 5 curare-tipped darts (quivered)
 v - a silver javelin
 N - 9 poisoned darts
Armour
 f - an orb of light (worn)
 m - a +2 robe of cold resistance
 H - a +2 robe of positive energy (worn)
 R - a +3 scale mail
 U - a +2 hat of intelligence (worn)
Magical Staves
 P - a staff of air
Jewellery
 a - a ring of ice
 d - an amulet of the acrobat (around neck)
 u - a +4 ring of protection (right hand)
 y - a ring of resist corrosion
 Y - a +6 ring of intelligence (left hand)
Wands
 s - a wand of iceblast (19)
 G - a wand of flame (7)
 I - a wand of mindburst (6)
 S - a wand of polymorph (12)
Scrolls
 b - a scroll of noise
 c - a scroll of vulnerability
 e - 2 scrolls of fear
 i - 4 scrolls of amnesia
 j - a scroll of summoning
 k - a scroll of immolation
 p - a scroll of blinking
 B - a scroll of silence
 K - 2 scrolls of teleportation
 W - 3 scrolls of identify
 Z - a scroll of fog
Potions
 g - 10 potions of curing
 l - a potion of brilliance
 n - 13 potions of heal wounds {unknown}
 q - 2 potions of resistance
 r - 2 potions of berserk rage
 w - 5 potions of magic {unknown}
 x - 5 potions of flight {unknown}
 z - 2 potions of haste {unknown}
 A - 2 potions of lignification
 C - 2 potions of attraction
 D - 3 potions of invisibility {unknown}
 J - 2 potions of mutation {unknown}
 L - 6 potions of cancellation
 M - a potion of ambrosia {unknown}
 V - 2 potions of might
 X - a potion of degeneration {unknown}


   Skills:
 - Level 14.0 Fighting
 - Level 2.0 Polearms
 + Level 8.2 Dodging
 - Level 4.0 Stealth
 - Level 12.0 Spellcasting
 - Level 10.0 Invocations
 - Level 3.3 Evocations


You had 3 spell levels left.
You knew the following spells:

 Your Spells              Type           Power      Damage    Failure   Level
a - Freeze                Ice            100%       1d11      1%          1
b - Frozen Ramparts       Ice            100%       1d12      1%          3
c - Ozocubu's Armour      Ice            77%        N/A       1%          3
d - Hailstorm             Conj/Ice       77%        3d16      1%          4
e - Animate Skeleton      Necr           100%       N/A       1%          1
f - Corpse Rot            Necr/Air       100%       N/A       1%          2
g - Blink                 Tloc           100%       N/A       1%          2
h - Animate Dead          Necr           38%        N/A       1%          4
i - Passage of Golubria   Tloc           77%        N/A       1%          4
j - Borgnjor's Vile Clut  Necr/Erth      38%        N/A       1%          5
k - Death Channel         Necr           38%        N/A       2%          6
Your spell library was empty.

Dungeon Overview and Level Annotations

Branches:
Dungeon (11/15)            Temple (0/1) D:6            Lair (6/6) D:10
  Swamp (0/4) Lair:2        Snake (0/4) Lair:3        Sewer (visited)
 Bailey (visited)
  Slime: Lair:5-6       Orc: D:9-12

Altars:
Ashenzari
Nemelex Xobeh

Shops:
D:1 *   D:10 !


Innate Abilities, Weirdness & Mutations

You are immune to sickness and miasma.
You are immune to poison.
Your flesh is very heat resistant. (rF++)
You are vulnerable to cold. (rC-)
You float through the air rather than walking.
You learn spells naturally, not from books.
Your magical power is your life essence.
You have superior vitality. (+4 MHP)


Message History

* * * LOW HITPOINT WARNING * * *
The zombie hands constrict the polar bear.
The zombie hands constrict the death yak!
The polar bear bites you but does no damage.
The polar bear claws you but does no damage.
The polar bear barely misses you.
The death yak struggles to escape constriction.
The zombie hands constrict the polar bear!
The zombie hands constrict the death yak!
The polar bear escapes!
The death yak struggles to escape constriction.
The zombie hands constrict the death yak.
The death yak escapes!
Casting: Borgnjor's Vile Clutch (mildly dangerous; 1% risk of failure)
Confirm with . or Enter, or press ? or * to list all spells.
Aiming: Borgnjor's Vile Clutch (mildly dangerous; 1% risk of failure)
Press: ? - help, Shift-Dir - straight line, f/p - death yak
Aim: a death yak (heavily wounded, 100% to hit)
Zombie hands grab the polar bear.
Zombie hands grab the death yak.
* * * LOW HITPOINT WARNING * * *
The zombie hands constrict the polar bear.
The zombie hands constrict the death yak.
The polar bear goes berserk!
The death yak struggles to escape constriction.
Casting: Borgnjor's Vile Clutch (mildly dangerous; 1% risk of failure)
Confirm with . or Enter, or press ? or * to list all spells.
You can't see any susceptible monsters within range! (Use Z to cast anyway.)
Casting: Borgnjor's Vile Clutch (mildly dangerous; 1% risk of failure)
Confirm with . or Enter, or press ? or * to list all spells.
Aiming: Freeze (safe; 1% risk of failure)
Press: ? - help, Shift-Dir - straight line, f - polar bear, p - death yak
Aim: a polar bear (severely wounded, berserk, constricted by zombie hands, haloed)
You freeze the polar bear.
The polar bear resists.
The polar bear is severely wounded.
* * * LOW HITPOINT WARNING * * *
The zombie hands constrict the polar bear!
The zombie hands constrict the death yak!
The polar bear bites you!!
You die...
Your body disappears without additional glow.

### ..## #### ...#### ### #..####
.....P####.#######.##..#
.....##.#P.##...##.#..#### ##
.....#..........<.....##.# #.
.....##..................## ##
..........................# #P
................@.........# ##.
...#.....[......h.........#####..
...............>............##...
..#.##.................#.#..###..
................Y†...#####...#...
.................†...# #.....#..
.....#...............# ##.......
.#####.............### ##.#...#
## ###..........## ##...#.


You could see a death yak (clutched) and a polar bear (berserk, clutched).

Vanquished Creatures
  Gastronok (D:8)
  A storm dragon (Lair:5)
  The ghost of Ithra the Warrior, a journeyman OgTm of Makhleb (Lair:4)
  A minotaur (Lair:5)
  3 hydras
  A boulder beetle (Lair:3)
  Erica (D:8)
  A two-headed ogre (D:8)
  6 death yaks
  A lindwurm (Lair:4)
  Pikel (D:5)
  2 black mambas (Lair:5)
  Maurice (D:8)
  2 elephants (Lair:4)
  5 cane toads
  A torpor snail (Lair:4)
  An unseen horror (Lair:5)
  2 freezing wraiths
  4 rime drakes
  9 komodo dragons
  2 polar bears
  6 blink frogs
  A shadow (D:9)
  4 wyverns
  Sigmund (D:2)
  22 yaks
  6 basilisks
  A steam dragon (D:9)
  7 water moccasins
  An ice beast (D:6)
  Pargi (Sewer)
  2 black bears
  An orc warrior (Bailey)
  2 sky beasts
  3 centaurs
  6 wolves (Lair:3)
  3 lemures (D:5)
  A phantom (D:5)
  A kobold brigand (D:6)
  11 bullfrogs
  3 gnoll sergeants
  A wyvern zombie (D:9)
  4 scorpions
  5 killer bees
  8 wights
  An electric eel (Lair:3)
  A centaur zombie (D:9)
  2 bullfrog skeletons
  5 orc priests
  A centaur skeleton (D:7)
  5 hounds
  3 orc wizards
  An iguana (D:5)
  4 hell rats (Lair:5)
  24 gnolls
  A howler monkey skeleton (D:7)
  A river rat (D:3)
  10 adders
  A shadow imp (D:6)
  3 white imps
  3 ufetubi
  An adder skeleton (D:4)
  2 dart slugs (D:1)
  29 orcs
  8 endoplasms
  4 giant cockroaches
  A goblin (D:1)
  4 hobgoblins
  3 jackals (D:2)
  11 kobolds
  4 quokkas
  8 ball pythons
  10 bats
  5 frilled lizards
  5 rats
309 creatures vanquished.

Vanquished Creatures (collateral kills)
  Fannar (Lair:2)
  4 death yaks
  Sonja (Lair:2)
  An elephant (Lair:4)
  A black mamba (Lair:2)
  A cane toad (Lair:2)
  Grinder (D:5)
  A wyvern (Lair:2)
  Blork the orc (D:5)
  A wight (D:7)
13 creatures vanquished.

Vanquished Creatures (others)
  41 fungi
  40 plants
81 creatures vanquished.

Grand Total: 403 creatures vanquished

Notes
Turn   | Place    | Note
-------+----------+-------------------------------------------
     0 | D:1      | enile the Djinni Ice Elementalist began the quest for the
                  | Orb.
     0 | D:1      | Reached XP level 1. HP: 15/15 MP: 0/0
   405 | D:1      | Reached XP level 2. HP: 17/21 MP: 0/0
   507 | D:1      | Found Muownyeg's Assorted Antiques.
   591 | D:1      | Found a faded altar of an unknown god.
   601 | D:1      | Prayed at the altar of an unknown god.
   601 | D:1      | Became a worshipper of Nemelex Xobeh the Trickster
   601 | D:1      | Reached * piety under Nemelex Xobeh
   912 | D:1      | Received a gift from Nemelex Xobeh
   969 | D:1      | Reached XP level 3. HP: 20/26 MP: 0/0
   969 | D:1      | Learned a level 1 spell: Animate Skeleton
  1525 | D:2      | Reached skill level 1 in Fighting
  1671 | D:2      | Noticed Sigmund
  2011 | D:2      | Killed Sigmund
  2012 | D:2      | Reached skill level 2 in Fighting
  2012 | D:2      | Reached skill level 3 in Fighting
  2012 | D:2      | Reached XP level 4. HP: 25/37 MP: 0/0
  2012 | D:2      | Reached XP level 5. HP: 28/41 MP: 0/0
  2012 | D:2      | Learned a level 2 spell: Corpse Rot
  2158 | D:2      | Reached XP level 6. HP: 42/47 MP: 0/0
  2190 | D:2      | Reached skill level 4 in Fighting
  2839 | D:3      | Reached ** piety under Nemelex Xobeh
  2839 | D:3      | Received a gift from Nemelex Xobeh
  2962 | D:3      | Found a glowing drain.
  3180 | Sewer    | Entered a sewer
  3373 | Sewer    | Noticed Pargi
  3390 | Sewer    | Killed Pargi
  3391 | Sewer    | Reached skill level 5 in Fighting
  3391 | Sewer    | Reached XP level 7. HP: 18/54 MP: 0/0
  3391 | Sewer    | Learned a level 2 spell: Blink
  4388 | D:4      | Reached skill level 5 in Spellcasting
  4470 | D:4      | Reached skill level 1 in Invocations
  4837 | D:4      | Identified the +6 spear of the Peculiar Beasts {vorpal,
                  | rN+}
  4868 | D:5      | Entered Level 5 of the Dungeon
  4868 | D:5      | Noticed Blork the orc
  4878 | D:5      | Killed Blork the orc
  5091 | D:5      | Reached XP level 8. HP: 47/59 MP: 0/0
  5168 | D:5      | Reached *** piety under Nemelex Xobeh
  5393 | D:5      | Noticed Grinder
  5420 | D:5      | Killed Grinder
  5421 | D:5      | Reached skill level 5 in Invocations
  6119 | D:5      | Noticed Pikel
  6128 | D:5      | Killed Pikel
  6129 | D:5      | Reached skill level 6 in Fighting
  6129 | D:5      | Reached XP level 9. HP: 16/66 MP: 0/0
  6129 | D:5      | Learned a level 4 spell: Animate Dead
  7105 | D:6      | Found a staircase to the Ecumenical Temple.
  7106 | D:6      | Received a gift from Nemelex Xobeh
  7699 | D:6      | Reached skill level 7 in Fighting
  8276 | D:6      | Reached skill level 1 in Polearms
  9917 | D:7      | Reached skill level 8 in Fighting
 10289 | D:7      | Reached **** piety under Nemelex Xobeh
 10289 | D:7      | Received a gift from Nemelex Xobeh
 10332 | D:7      | Found a broken altar of Ashenzari.
 10410 | D:8      | Noticed Maurice
 10429 | D:7      | Reached XP level 10. HP: 29/76 MP: 0/0
 11333 | D:8      | Killed Maurice
 11734 | D:8      | Reached skill level 5 in Dodging
 11955 | D:8      | Noticed a two-headed ogre
 11961 | D:8      | Killed a two-headed ogre
 12015 | D:8      | Noticed Erica
 12027 | D:8      | Killed Erica
 12028 | D:8      | Reached skill level 9 in Fighting
 12154 | D:8      | Noticed Gastronok
 12181 | D:8      | Killed Gastronok
 12182 | D:8      | Reached skill level 10 in Fighting
 12182 | D:8      | Reached XP level 11. HP: 45/85 MP: 0/0
 12182 | D:8      | Learned a level 4 spell: Passage of Golubria
 12324 | D:8      | Received a gift from Nemelex Xobeh
 13031 | D:9      | Found a flagged portal.
 13040 | Bailey   | Entered a bailey
 13299 | Bailey   | Received a gift from Nemelex Xobeh
 13308 | Bailey   | Reached ***** piety under Nemelex Xobeh
 13836 | D:9      | Reached skill level 1 in Evocations
 14182 | D:10     | Entered Level 10 of the Dungeon
 15312 | D:10     | Found a staircase to the Lair.
 15351 | D:10     | Found Omyasu's Distillery.
 15367 | D:10     | Received a gift from Nemelex Xobeh
 15430 | D:10     | Bought a potion of lignification for 48 gold pieces
 15430 | D:10     | Bought 2 potions of curing for 96 gold pieces
 15430 | D:10     | Bought a potion of might for 64 gold pieces
 15430 | D:10     | Bought a potion of cancellation for 128 gold pieces
 15430 | D:10     | Bought a potion of curing for 48 gold pieces
 15531 | D:10     | Noticed a sixfirhy
 15911 | Lair:1   | Entered Level 1 of the Lair of Beasts
 15918 | Lair:1   | You are sucked into a shaft and drop 1 floor!
 16468 | Lair:2   | Reached XP level 12. HP: 32/93 MP: 0/0
 16806 | Lair:2   | Noticed Fannar
 16809 | Lair:2   | Identified the +2 trident "Nodghatz" {pain, rElec Will+
                  | Dex+4}
 16817 | Lair:2   | Killed Fannar
 16818 | Lair:2   | Reached skill level 11 in Fighting
 16837 | Lair:2   | Noticed a death yak
 16848 | Lair:2   | Noticed a death yak
 16848 | Lair:2   | Noticed a death yak
 16848 | Lair:2   | Noticed a death yak
 16861 | Lair:2   | Noticed a sixfirhy
 16863 | Lair:2   | Identified the +1 trident of Ysep Ath {flame, *Slow Dex+4}
 16863 | Lair:2   | Killed a death yak
 16866 | Lair:2   | Killed a death yak
 16869 | Lair:2   | Killed a death yak
 16869 | Lair:2   | Noticed Sonja
 16870 | Lair:2   | Reached skill level 12 in Fighting
 16873 | Lair:2   | Killed a death yak
 16887 | Lair:2   | Killed Sonja
 17075 | Lair:2   | Noticed a five-headed hydra
 17102 | Lair:2   | Killed a five-headed hydra
 17394 | Lair:2   | Found a staircase to the Swamp.
 17504 | Lair:2   | Received a gift from Nemelex Xobeh
 18013 | Lair:3   | Noticed a boulder beetle
 18029 | Lair:3   | Killed a boulder beetle
 18030 | Lair:3   | Reached skill level 10 in Spellcasting
 19182 | Lair:3   | Reached XP level 13. HP: 61/101 MP: 0/0
 19182 | Lair:3   | Learned a level 5 spell: Borgnjor's Vile Clutch
 19394 | Lair:3   | Received a gift from Nemelex Xobeh
 19559 | Lair:3   | Found a staircase to the Snake Pit.
 19913 | Lair:3   | Received a gift from Nemelex Xobeh
 20271 | Lair:4   | Reached skill level 13 in Fighting
 20898 | Lair:4   | Reached ****** piety under Nemelex Xobeh
 21013 | Lair:4   | Found a transporter.
 21100 | Lair:4   | Reached skill level 10 in Invocations
 21204 | Lair:4   | Noticed a four-headed hydra
 21211 | Lair:4   | Found a transporter.
 21211 | Lair:4   | Received a gift from Nemelex Xobeh
 21217 | Lair:4   | Noticed Ithra's ghost (journeyman OgTm)
 21235 | Lair:4   | Killed a four-headed hydra
 21532 | Lair:4   | Reached XP level 14. HP: 110/110 MP: 0/0
 21842 | Lair:4   | Killed Ithra's ghost
 22817 | Lair:5   | Received a gift from Nemelex Xobeh
 23121 | Lair:5   | Received a gift from Nemelex Xobeh
 23241 | Lair:5   | Noticed a minotaur
 23241 | Lair:5   | a death yak changed into a minotaur
 23241 | Lair:5   | Noticed a storm dragon
 23241 | Lair:5   | a death yak changed into a storm dragon
 23245 | Lair:5   | Killed a minotaur
 23653 | Lair:5   | Killed a storm dragon
 23654 | Lair:5   | Reached skill level 14 in Fighting
 23669 | Lair:5   | Reached XP level 15. HP: 30/117 MP: 0/0
 23669 | Lair:5   | Learned a level 6 spell: Death Channel
 24263 | Lair:6   | Entered Level 6 of the Lair of Beasts
 24431 | Lair:5   | Mangled by a polar bear

Illustrated notes

Levels and vault maps discovered:
D:1:      eino_arrival_cavern_e, layout_loops_ring, serial_shops,
          nicolae_shop_competitors_out_of_business,
          hellmonk_ecumenical_altar_pennies_from_heaven
D:2:      layout_rooms, kennysheep_generic_room_7, uniq_sigmund
D:3:      layout_basic, portal_sewer_entry_a
D:4:      layout_rooms
D:5:      layout_layer_cave, uniq_pikel, uniq_blork_the_orc, uniq_grinder
D:6:      layout_rooms, temple_statues
D:7:      layout_rooms, nicolae_overflow_hidden_temple
D:8:      layout_loops_cross, uniq_gastronok, uniq_maurice, uniq_erica
D:9:      layout_loops_ring, enter_bailey_2
D:10:     layout_cave_pools, minmay_lair_entry_grove, serial_shops,
          nicolae_shop_crystal
D:11:     layout_loops_ring, erik_orc_1, minmay_shop_grid_forest, uniq_harold,
          uniq_grum
Lair:1:   layout_chaotic_city
Lair:2:   layout_loops_ring, swamp_mist, uniq_fannar, uniq_sonja
Lair:3:   layout_gridlike, dummy_snake_entry, minivault_24
Lair:4:   layout_roguey, nzn_ghost_randoct
Lair:5:   layout_cave_pods
Lair:6:   hellmonk_lair_end_abyssal_woods, layout_layer_cave,
          minmay_slime_entry_oklob_enclosed, cheibrodos_lair_lostbears,
          lemuel_fruit_fields

Skill      XL: |  1  2  3  4  5  6  7  8  9 10 11 12 13 14 15 |
---------------+----------------------------------------------+-----
Stealth        | 2 4 |  4.0
Fighting       | 3 5 6 8 10 12 13 14 | 14.0
Spellcasting   | 4 5 6 7 8 9 10 11 12 | 12.0
Invocations    | 3 5 7 8 10 | 10.0
Polearms       | 1 2 |  2.0
Dodging        | 5 6 7 8 |  8.2
Evocations     | 3 |  3.3

Action                   |  1- 3 |  4- 6 |  7- 9 | 10-12 | 13-15 || total
-------------------------+-------+-------+-------+-------+-------++-------
Melee: Unarmed           |     3 |       |       |       |       ||     3
       Dagger            |     4 |    28 |     1 |       |       ||    33
       Hand axe          |       |       |    46 |       |       ||    46
       Spear             |       |       |   147 |   226 |    61 ||   434
       Mace              |       |       |    18 |       |       ||    18
Throw: Dart              |     1 |       |    10 |     8 |     1 ||    20
       Boomerang         |       |     3 |       |       |       ||     3
       Javelin           |       |       |     6 |     2 |       ||     8
 Cast: Freeze            |    46 |    51 |    30 |    54 |    23 ||   204
       Frozen Ramparts   |     1 |     1 |    11 |    16 |     3 ||    32
       Ozocubu's Armour  |     1 |     1 |     9 |    15 |     3 ||    29
       Corpse Rot        |       |     1 |     1 |       |       ||     2
       Hailstorm         |       |       |     4 |    35 |    50 ||    89
       Blink             |       |       |     4 |     7 |     5 ||    16
       Animate Dead      |       |       |     2 |     2 |     6 ||    10
       Passage of Golubr |       |       |       |     1 |     1 ||     2
       Borgnjor's Vile C |       |       |       |       |    34 ||    34
       Death Channel     |       |       |       |       |     1 ||     1
Invok: Draw Destruction  |     2 |     1 |     2 |    16 |    15 ||    36
       Draw Summoning    |       |       |     3 |     8 |       ||    11
       Draw Escape       |       |       |     1 |     3 |       ||     4
  Use: Scroll            |     1 |       |     7 |    10 |     6 ||    24
       Potion            |       |       |       |     2 |     1 ||     3
 Stab: Invisible         |       |       |     1 |       |       ||     1
       Sleeping          |       |       |       |     5 |       ||     5
       Distracted        |       |       |       |     1 |       ||     1
Armor: Robe              |     6 |    27 |    51 |    55 |    47 ||   186
       Skin              |       |       |       |     2 |       ||     2
Dodge: Dodged            |    30 |    70 |   189 |   256 |    79 ||   624

Table legend: (Time is in decaauts)
 A = Elapsed time spent in this place.
 B = Non-inter-level travel time spent in this place.
 C = Inter-level travel time spent in this place.
 D = Time resting spent in this place.
 E = Time spent auto-exploring this place.
 F = Levels seen in this place.
 G = Mean time per level.
                   A        B        C        D        E       F      G
               +--------+--------+--------+--------+--------+-----+--------+
         Total |  24548 |  23733 |    815 |   3945 |  16677 |  19 | 1292.0 |
       Dungeon |  14809 |  14243 |    566 |   2882 |   9382 |  11 | 1346.3 |
          Lair |   8528 |   8280 |    248 |    898 |   6435 |   6 | 1421.3 |
         Sewer |    477 |    477 |      0 |      0 |    408 |   1 |  477.0 |
        Bailey |    733 |    733 |      0 |    165 |    452 |   1 |  733.0 |
               +--------+--------+--------+--------+--------+-----+--------+

Top non-repeatable levels by time:
     D:7: 2365 daAuts
  Lair:4: 2329 daAuts
     D:5: 2213 daAuts
  Lair:3: 2211 daAuts
  Lair:2: 2092 daAuts
  Lair:5: 1859 daAuts
     D:1: 1767 daAuts
     D:8: 1717 daAuts
     D:6: 1550 daAuts
     D:9: 1411 daAuts
    D:10: 1143 daAuts
     D:2: 1005 daAuts
     D:3: 882 daAuts
     D:4: 749 daAuts
  Bailey: 733 daAuts
